 Dungeon Crawl Stone Soup version 0.29.1-15-g9cfb28693d (webtiles) character file.

Game seed: 12781735283700248449

6396 Coltbek the Basher (level 10, -13/80 HPs)
             Began as a Demigod Gladiator on Mar 17, 2023.
             Mangled by a shadow (26 damage)
             ... on level 9 of the Dungeon on Mar 20, 2023.
             The game lasted 01:09:56 (12233 turns).

Coltbek the Basher (Demigod Gladiator)             Turns: 12233, Time: 01:09:56

Health: -13/80     AC: 15    Str: 27    XL:     10   Next: 39%
Magic:  13/13      EV: 22    Int: 10    God:
Gold:   630        SH: 11    Dex: 21    Spells: 9/9 levels left

rFire   . . .      SeeInvis .   E - +2 flail (protect)
rCold   . . .      Faith    .   n - +0 kite shield
rNeg    . . .      Spirit   .   G - +0 plate armour
rPois   .          Reflect  .   c - +0 helmet
rElec   .          Harm     .   D - +0 cloak
rCorr   .          Rampage  .   (no gloves)
Will    +++..      Clarity  +   z - +0 pair of boots
Stlth   ..........              N - amulet of the acrobat
HPRegen 0.23/turn               B - ring of willpower
MPRegen 0.13/turn               h - +6 ring of dexterity

@: acrobatic
A: high MP 1, forlorn, divine attributes, clarity, strong-willed 1, wild magic 1
a: no special abilities


You were on level 9 of the Dungeon.
You visited 1 branch of the dungeon, and saw 9 of its levels.
You also visited: Ossuary.

You collected 630 gold pieces.

Inventory:

Hand Weapons
 a - a +1 flail
 j - a +0 giant spiked club
 r - a +1 spear of flaming
 E - a +2 flail of protection (weapon)
 U - a +0 dire flail
Missiles
 d - a throwing net
 l - 73 stones
 t - 14 poisoned darts
 R - 2 silver javelins
 T - 5 datura-tipped darts
 W - 2 curare-tipped darts
Armour
 c - a +0 helmet (worn)
 i - a +0 buckler
 m - an orb of wrath
 n - a +0 kite shield (worn)
 z - a +0 pair of boots (worn)
 D - a +0 cloak (worn)
 G - a +0 plate armour (worn)
 M - a +0 chain mail
Jewellery
 h - a +6 ring of dexterity (right hand)
 B - a ring of willpower (left hand)
 C - a ring of protection from cold
 N - an amulet of the acrobat (around neck)
Wands
 u - a wand of flame (12) (quivered)
 K - a wand of iceblast (15)
Scrolls
 e - 2 scrolls of magic mapping {unknown}
 f - 6 scrolls of enchant weapon
 g - 3 scrolls of blinking
 k - a scroll of immolation {unknown}
 v - a scroll of brand weapon {unknown}
 x - 2 scrolls of fear
 y - 2 scrolls of noise
 A - a scroll of vulnerability
 I - a scroll of amnesia
 J - a scroll of summoning {unknown}
 P - 5 scrolls of teleportation
 Q - 2 scrolls of enchant armour {unknown}
 V - a scroll of silence {unknown}
Potions
 b - a potion of degeneration {unknown}
 o - a potion of haste
 p - 2 potions of attraction {unknown}
 q - 3 potions of magic {unknown}
 s - a potion of berserk rage {unknown}
 w - 2 potions of flight {unknown}
 F - 4 potions of curing
 H - 3 potions of mutation
 L - a potion of might {unknown}
 O - a potion of resistance {unknown}
 S - a potion of invisibility {unknown}


   Skills:
 - Level 4.6 Fighting
 * Level 11.8 Maces & Flails
 - Level 2.4 Throwing
 - Level 3.7 Armour
 - Level 3.3 Dodging
 + Level 6.7 Shields


You had 9 spell levels left.
You didn't know any spells.
Your spell library contained the following spells:

 Spells                   Type           Power      Damage    Failure   Level
 Magic Dart               Conj           0%         1d3       100%        1
 Necrotise                Necr           0%         1d4       100%        1
 Call Imp                 Summ           0%         N/A       100%        2
 Static Discharge         Conj/Air       0%         3-3/arc   100%        2
 Call Canine Familiar     Summ           0%         N/A       100%        3
 Mephitic Cloud           Conj/Pois/Air  0%         N/A       100%        3
 Portal Projectile        Hex/Tloc       0%         N/A       100%        3
 Tukima's Dance           Hex            0%         N/A       100%        3
 Vampiric Draining        Necr           0%         2d6       100%        3
 Dispel Undead            Necr           0%         3d6       100%        4
 Leda's Liquefaction      Hex/Erth       0%         N/A       100%        4
 Sticky Flame             Conj/Fire      0%         2d3       100%        4
 Agony                    Necr           0%         N/A       100%        5
 Blade Hands              Tmut           0%         N/A       100%        5
 Summon Forest            Summ/Tloc      0%         N/A       100%        5
 Eringya's Noxious Bog    Tmut/Pois      0%         N/A       100%        6
 Summon Hydra             Summ           0%         N/A       100%        7


Dungeon Overview and Level Annotations

Branches:
Dungeon (9/15)             Temple (0/1) D:5         Ossuary (visited)
   Lair: D:8-11         Orc: D:9-12

Shops:
D:4 (   D:7 *


Innate Abilities, Weirdness & Mutations

You have an increased reservoir of magic. (+10% MP)
You shall have no god before yourself.
Your divine heritage dramatically boosts your attributes as you level up.
You possess an exceptional clarity of mind.
You are strong-willed. (Will+)
Your spells are a little harder to cast, but a little more powerful.


Message History

The shadow flickers and vanishes!
Deactivating autopickup; reactivate with Ctrl-A.
You hit the wight.
You destroy the wight!
The shadow strikes at you from the darkness!
Reactivating autopickup.
The shadow closely misses you.
Things that are here:
a +0 flail; a +0 robe You sock the shadow!
The shadow is severely damaged.
The shadow slips into darkness.
The shadow flickers and vanishes!
Deactivating autopickup; reactivate with Ctrl-A.
You hit something.
The shadow strikes at you from the darkness!
* * * LOW HITPOINT WARNING * * *
Reactivating autopickup.
You hit the shadow.
The shadow is almost destroyed.
You block the shadow's attack.
You hit the shadow.
The shadow is almost destroyed.
The shadow hits you.
You hit the shadow.
The shadow is almost destroyed.
The shadow slips into darkness.
The shadow flickers and vanishes!
Deactivating autopickup; reactivate with Ctrl-A.
Found a leather armour.
The shadow strikes at you from the darkness!
* * * LOW HITPOINT WARNING * * *
Reactivating autopickup.
You barely miss the shadow.
The shadow is almost destroyed.
The shadow slips into darkness.
The shadow flickers and vanishes!
Deactivating autopickup; reactivate with Ctrl-A.
The shadow strikes at you from the darkness!
You die...

#...............#....#
#...............#....#
#.....).........#....#
#........).)....#....#
#..........)....#....#
###...............#+##'#
........................
........................
[......@...#############
...........# #
.....>.....# #
#####......# # #......#
# #......# # #......# #
########


There were no monsters in sight!

Vanquished Creatures
  Gastronok (D:8)
  2 two-headed ogres
  Pikel (D:8)
  6 yaks (D:8)
  Menkaure (D:7)
  A water moccasin (D:5)
  2 ice beasts (D:7)
  2 ogres
  6 centaurs
  A phantom (D:6)
  A kobold brigand (D:6)
  3 gnoll sergeants
  A bullfrog (D:7)
  2 scorpions (D:6)
  A wyvern zombie (D:6)
  7 wights
  3 killer bees (D:9)
  A howler monkey (D:7)
  A bullfrog zombie (D:6)
  An orc priest (D:4)
  A hound (D:6)
  4 iguanas
  4 orc wizards
  9 mummies
  5 adders
  18 gnolls
  3 shadow imps
  2 white imps
  An ufetubus (D:7)
  4 worms
  A dart slug (D:2)
  19 orcs
  7 ball pythons
  3 endoplasms (D:2)
  2 giant cockroaches (D:1)
  7 goblins
  7 hobgoblins
  5 jackals
  4 quokkas
  4 bats
  3 frilled lizards
  2 gnoll zombies (Ossuary)
  A goblin zombie (D:7)
  2 hobgoblin zombies
  13 kobolds
  2 kobold zombies (Ossuary)
  3 orc zombies (Ossuary)
  7 rats
187 creatures vanquished.

Vanquished Creatures (others)
  6 plants (D:1)
6 creatures vanquished.

Grand Total: 193 creatures vanquished

Notes
Turn   | Place    | Note
-------+----------+-------------------------------------------
     0 | D:1      | Coltbek the Demigod Gladiator began the quest for the Orb.
     0 | D:1      | Reached XP level 1. HP: 17/17 MP: 3/3
   230 | D:1      | Reached skill level 3 in Maces & Flails
   244 | D:1      | Reached XP level 2. HP: 12/24 MP: 4/4
  1561 | D:2      | Reached XP level 3. HP: 28/29 MP: 5/5
  2868 | D:3      | Reached XP level 4. HP: 36/37 MP: 6/6
  3559 | D:4      | Reached skill level 4 in Maces & Flails
  3559 | D:4      | Reached XP level 5. HP: 21/44 MP: 7/7
  3561 | D:4      | Reached skill level 1 in Armour
  3937 | D:4      | Found Doep's Weapon Boutique.
  4699 | D:5      | Entered Level 5 of the Dungeon
  5206 | D:5      | Reached XP level 6. HP: 43/51 MP: 8/8
  5414 | D:5      | Found a staircase to the Ecumenical Temple.
  5847 | D:5      | Reached skill level 5 in Maces & Flails
  6154 | D:5      | Reached XP level 7. HP: 40/58 MP: 9/9
  6560 | D:6      | Gained mutation: You are frail. (-10% HP) [potion of
                  | mutation]
  6565 | D:6      | Lost mutation: You are frail. (-10% HP) [potion of
                  | mutation]
  6565 | D:6      | Gained mutation: You are strong-willed. (Will+) [potion of
                  | mutation]
  6565 | D:6      | Gained mutation: Your spells are a little harder to cast,
                  | but a little more powerful. [potion of mutation]
  6565 | D:6      | Gained mutation: You possess an exceptional clarity of
                  | mind. [potion of mutation]
  6718 | D:6      | Identified the +1 leather armour "Uhu Suump" {rElec Int+3}
  6834 | D:6      | Reached skill level 6 in Maces & Flails
  7555 | D:6      | Reached XP level 8. HP: 49/67 MP: 10/10
  8446 | D:6      | Reached skill level 7 in Maces & Flails
  8446 | D:6      | Reached skill level 1 in Shields
  8743 | D:7      | Found a sand-covered staircase.
  8752 | Ossuary  | Entered an ossuary
  9089 | D:7      | Reached skill level 8 in Maces & Flails
  9112 | D:7      | Noticed Menkaure
  9121 | D:7      | Killed Menkaure
  9372 | D:7      | Found Lewku's Assorted Antiques.
  9551 | D:8      | Noticed a two-headed ogre
  9567 | D:7      | Killed a two-headed ogre
  9568 | D:7      | Reached skill level 9 in Maces & Flails
  9568 | D:7      | Reached XP level 9. HP: 12/72 MP: 11/11
 10044 | D:8      | Noticed Pikel
 10055 | D:8      | Killed Pikel
 10185 | D:8      | Noticed Gastronok
 10939 | D:8      | Reached skill level 10 in Maces & Flails
 11009 | D:8      | Killed Gastronok
 11010 | D:8      | Reached skill level 5 in Shields
 11402 | D:8      | Reached XP level 10. HP: 80/80 MP: 13/13
 11407 | D:8      | Reached skill level 11 in Maces & Flails
 11615 | D:9      | Noticed a two-headed ogre
 11624 | D:9      | Killed a two-headed ogre
 12233 | D:9      | Mangled by a shadow

Illustrated notes

Levels and vault maps discovered:
D:1:      evilmike_arrival_crescent, layout_loops_cross, serial_forest,
          infiniplex_forest_clump_tiny, infiniplex_forest_clump_long,
          infiniplex_forest_straight_5, infiniplex_forest_straight_2,
          infiniplex_forest_lined_3, infiniplex_forest_fountain,
          infiniplex_forest_corner_1
D:2:      layout_loops_cross, ebering_ecumenical_altar_ruins
D:3:      layout_loops_ring
D:4:      layout_loops_ring, kennysheep_orc_sif_temple,
          okawaru_metal_pillars_1_2, serial_shops, nicolae_stop_n_shop_2,
          roderic_nine_men_s_morris
D:5:      layout_basic, minmay_temple_entry_wispy
D:6:      layout_basic, lemuel_zombie_altar_yredelemnul, lemuel_doored_altar,
          kennysheep_path_1
D:7:      layout_rooms, mainiacjoe_overflow_alcove_4,
          nicolae_ossuary_entry_giza, serial_shops, nicolae_stop_n_shop_1,
          uniq_menkaure
D:8:      layout_loops_ring, uniq_gastronok, uniq_pikel
D:9:      layout_irregular_city, dpeg_lair_monsters, nrook_loot_triangle

Skill      XL: |  1  2  3  4  5  6  7  8  9 10 |
---------------+-------------------------------+-----
Maces & Flails | 3 4 5 6 9 10 11 | 11.8
Dodging        | 3 |  3.3
Fighting       | 2 3 4 |  4.6
Throwing       | 2 |  2.4
Armour         | 1 2 3 |  3.7
Shields        | 4 5 6 |  6.7

Action                   |  1- 3 |  4- 6 |  7- 9 | 10-12 || total
-------------------------+-------+-------+-------+-------++-------
Melee: Flail             |   160 |   182 |   339 |    93 ||   774
       Punch             |     2 |       |       |       ||     2
Throw: Throwing net      |     4 |       |     2 |       ||     6
       Javelin           |     1 |     1 |       |       ||     2
Evoke: Wand              |       |       |     8 |     1 ||     9
  Use: Scroll            |     4 |     3 |     6 |     2 ||    15
       Potion            |     1 |     3 |     8 |       ||    12
 Stab: Sleeping          |     3 |       |       |       ||     3
       Held in net/web   |     2 |       |     1 |       ||     3
Armor: Leather armour    |    38 |       |       |       ||    38
       Skin              |     1 |    21 |       |       ||    22
       Chain mail        |    12 |    79 |    36 |       ||   127
       Plate armour      |       |       |   135 |    71 ||   206
Dodge: Dodged            |    82 |    91 |   124 |    62 ||   359
Block: Buckler           |    24 |    42 |       |       ||    66
       Kite shield       |       |       |   192 |    81 ||   273
